 Dungeon Crawl Stone Soup version 0.28-a0-1152-g9c71ebef14 (webtiles) character file.

Game seed: 3683235003861715514

18 lonewolfV2 the Skirmisher (level 2, -2/19 HPs)
             Began as a Gargoyle Berserker on Dec 14, 2021.
             Was a Follower of Trog.
             Slain by a kobold (5 damage)
             ... on level 1 of the Dungeon.
             The game lasted 00:00:58 (1022 turns).

lonewolfV2 the Skirmisher (Gargoyle Berserker)      Turns: 1022, Time: 00:00:59

Health: -2/19      AC:  5    Str: 20    XL:     2   Next: 70%
Magic:  2/2        EV: 11    Int:  7    God:    Trog [*.....]
Gold:   33         SH:  0    Dex:  9    Spells: 1/1 levels left

rFire   . . .      SeeInvis .   a - +0 mace
rCold   . . .      Faith    .   (no shield)
rNeg    + . .      Spirit   .   b - +0 animal skin
rPois   ∞          Reflect  .   (no helmet)
rElec   +          Harm     .   (no cloak)
rCorr   .          Rampage  .   (no gloves)
Will    .....                   (no boots)
Stlth   +.........              (no amulet)
HPRegen 0.06/turn               (no ring)
MPRegen 0.08/turn               (no ring)

@: no status effects
A: sickness immunity, AC +2, negative energy resistance 1, electricity
resistance, torment resistance 1, petrification resistance
a: Renounce Religion, Berserk


You were on level 1 of the Dungeon.
You worshipped Trog.
Trog was aware of your devotion.
You visited 1 branch of the dungeon, and saw 1 of its levels.

You collected 33 gold pieces.

Inventory:

Hand Weapons
 a - a +0 mace (weapon)
Armour
 b - a +0 animal skin (worn)
Scrolls
 c - a scroll of immolation {unknown}
 e - a scroll of identify {unknown}
 f - a scroll of fear {unknown}
Potions
 d - a potion of heal wounds {unknown}


   Skills:
 + Level 3.6 Fighting
 + Level 3.4 Maces & Flails
 + Level 2.4 Armour
 + Level 1.6 Dodging


You had one spell level left.
You didn't know any spells.
Your spell library was empty.

Dungeon Overview and Level Annotations

Branches:
Dungeon (1/15)

Altars:


Innate Abilities, Weirdness & Mutations

You are immune to sickness and miasma.
Your stone body is resilient. (AC +2)
You are immune to poison.
You resist negative energy. (rN+)
You are resistant to electric shocks. (rElec)
You are resistant to unholy torment.
You are immune to petrification.


Message History

You hit the ball python.
You kill the ball python!
Trog accepts your kill.
You see here a ball python corpse.
f - a scroll labelled KOULER HEONKE You now have 33 gold pieces (gained 7).
Found a stone staircase leading down.
A ball python and a kobold come into view.
The ball python hisses angrily.
The kobold shouts!
You hear a shout!
There are monsters nearby!
A kobold comes into view. It is wielding a +0 short sword.
The kobold throws a stone.
The stone barely misses you.
The kobold throws a stone.
The stone closely misses you.
The kobold throws a stone.
The stone hits you but does no damage. The kobold closely misses you.
A hobgoblin comes into view.
The hobgoblin shouts!
The kobold closely misses you. The kobold hits you but does no damage.
You hit the ball python.
You kill the ball python!
Trog accepts your kill. The kobold misses you.
The kobold hits you with a +0 short sword.
The kobold hits you with a +0 club.
The kobold hits you with a +0 short sword.
The kobold hits you but does no damage. The kobold hits you with a +0 club.
You miss the kobold.
The kobold hits you with a +0 short sword.
* * * LOW HITPOINT WARNING * * *
The kobold hits you with a +0 club.
* * * LOW HITPOINT WARNING * * *
You completely miss the kobold. The kobold closely misses you. x2
The kobold hits you but does no damage.
You hit the kobold.
You kill the kobold!
Trog accepts your kill.
The hobgoblin hits you but does no damage.
The kobold hits you with a +0 short sword.
You die...

......#.............##....
.....##....#.#.#..........
...........#............[#
..........................
.#.#.##..................#
.#.#.....#.#.#.#....#.....
....................#.(..#
...#.##..#.#.#.#....#...##
...#.##>K@............#.##
.......g).....#......#...
...................#.#.##
..........#.###......#...
..........#.# #..#.#.#.##
..........# # #..#.#.#.#.
..........# #..#.#.#...
#.#####+#.# #..#.#...#. #.
.# #..#.##..#.


You could see a hobgoblin and a kobold.

Vanquished Creatures
  A dart slug (D:1)
  4 ball pythons (D:1)
  An endoplasm (D:1)
  2 goblins (D:1)
  A hobgoblin (D:1)
  A quokka (D:1)
  2 bats (D:1)
  4 kobolds (D:1)
16 creatures vanquished.

Notes
Turn   | Place    | Note
-------+----------+-------------------------------------------
     0 | D:1      | lonewolfV2 the Gargoyle Berserker began the quest for the
                  | Orb.
     0 | D:1      | Reached XP level 1. HP: 14/14 MP: 1/1
   359 | D:1      | Reached XP level 2. HP: 19/19 MP: 2/2
  1022 | D:1      | Slain by a kobold

Illustrated notes

Levels and vault maps discovered:
D:1:      nicolae_arrival_somewhat_less_tricky_arrival, layout_basic,
          item_on_display_a

Action                   || total
-------------------------++-------
Melee: Mace              ||    48
Armor: Animal skin       ||    26
Dodge: Dodged            ||    30

Table legend: (Time is in decaauts)
 A = Elapsed time spent in this place.
 B = Non-inter-level travel time spent in this place.
 C = Inter-level travel time spent in this place.
 D = Time resting spent in this place.
 E = Time spent auto-exploring this place.
 F = Levels seen in this place.
 G = Mean time per level.
                   A        B        C        D        E       F      G
               +--------+--------+--------+--------+--------+-----+--------+
         Total |   1033 |   1033 |      0 |      0 |    882 |   1 | 1033.0 |
       Dungeon |   1033 |   1033 |      0 |      0 |    882 |   1 | 1033.0 |
               +--------+--------+--------+--------+--------+-----+--------+

Top non-repeatable levels by time:
     D:1: 1033 daAuts
